[Event "*** Titled Tuesday 3|2 Blitz"]
[Site "Chess.com"]
[Date "2015.05.05"]
[Round "9"]
[White "kesarev"]
[Black "amaidel"]
[Result "0-1"]
[WhiteElo "2168"]
[BlackElo "2284"]
[TimeControl "180+2"]
[EndTime "13:06:12 PDT"]
[Termination "amaidel won by checkmate"]

1. Nf3 f5 2. c4 Nf6 3. Nc3 g6 4. d3 Bg7 5. h4 O-O 6. h5 Nxh5 7.
Rxh5 gxh5 8. Bg5 Qe8 9. Qd2 c6 10. g3 Na6 11. Bg2 d6 12. O-O-O e5 13. Nh4 Be6 14. Kb1 Rb8 15. e4 f4 16. gxf4 h6 17.
f5 hxg5 18. Qxg5 Bd7 19. Ng6 Rf6 20. Bf3 b5 21. cxb5 Nc7 22. bxc6 Bxc6 23. Bxh5 Nb5 24.
Nxb5 Bxb5 25. Rg1 Bxd3+ 26. Ka1 Qd7 27. Qxf6 Bxf6 28. Nxe5+ Kh8 29. Nxd7 Bxb2# 0-1

[Event "*** Titled Tuesday 3|2 Blitz"]
[Site "Chess.com"]
[Date "2015.05.05"]
[Round "9"]
[White "GeorgMeier"]
[Black "Zvonokchess"]
[Result "1-0"]
[WhiteElo "2716"]
[BlackElo "2500"]
[TimeControl "180+2"]
[EndTime "13:06:20 PDT"]
[Termination "GeorgMeier won on time"]

1. Nf3 c5 2. c4 g6 3. g3 Bg7 4. Bg2 Nc6 5. Nc3 e6 6. h4 h6 7. d3 Nge7 8. Rb1 b6 9. Bd2 Bb7 10. a3 d5 11. b4 cxb4 12. axb4 dxc4 13. dxc4 Nd4 14. e3 Nxf3+ 15. Bxf3 Bxf3 16. Qxf3 Rc8 17. Qe2 Nc6 18. O-O Ne5 19. c5 bxc5 20. bxc5 O-O 21. Rfd1 Rxc5 22. Ne4 Rc2 23. Rbc1 Qd5 24. f3 Rfc8 25.
Kf1 f5 26. Nc3 Qb3 27. Rxc2 Qxc2 28. Rc1 Qd3 29. f4 Qxe2+ 30. Kxe2 Ng4 31. Be1 1-0

[Event "*** Titled Tuesday 3|2 Blitz"]
[Site "Chess.com"]
[Date "2015.05.05"]
[Round "9"]
[White "iaraldinho"]
[Black "llamalord42"]
[Result "1-0"]
[WhiteElo "2294"]
[BlackElo "2211"]
[TimeControl "180+2"]
[EndTime "13:06:21 PDT"]
[Termination "iaraldinho won by resignation"]

1. e4 c5 2. Nf3 d6 3. d4 cxd4 4. Nxd4 Nf6 5. Nc3 a6 6. Bg5 e6 7. f4 Qc7 8. Qf3 b5 9. O-O-O Nbd7 10. Bd3 Bb7 11. Rhe1 Be7 12. Nd5 Nxd5 13. exd5 Bxd5 14.
Qxd5 exd5 15. Rxe7+ Kf8 16. Bf5 h6 17. Rxd7 Qxd7 18. Bxd7 hxg5 19. h3 gxf4 20. Re1 Rh5 21. Bg4 Re5 22. Rf1 g5 23. Nf3 f6 24. Nxe5 dxe5 25.
Rd1 Rd8 26. Bf3 d4 27. Be4 Ke7 28. Bf5 Rd6 29. Kd2 Rc6 30. Kd3 Kd6 31. Rh1 Rc4 32.
h4 Ra4 33. hxg5 fxg5 34. Rh6+ Kc7 35. a3 b4 36. Rh7+ Kd6 37. Rh6+ Kc7 38. axb4 Rxb4 39.
b3 a5 40. Re6 Rb5 41. Rg6 Rc5 42. Rxg5 Rc3+ 43. Kd2 Rg3 44. Rxg3 fxg3 45. Kd3 Kd6 46. Kc4 1-0

[Event "*** Titled Tuesday 3|2 Blitz"]
[Site "Chess.com"]
[Date "2015.05.05"]
[Round "9"]
[White "WanderingPuppet"]
[Black "brauliocuarta"]
[Result "1-0"]
[WhiteElo "2088"]
[BlackElo "2048"]
[TimeControl "180+2"]
[EndTime "13:06:22 PDT"]
[Termination "WanderingPuppet won by resignation"]

1. e4 c5 2. Nf3 e6 3. d4 cxd4 4. Nxd4 a6 5. Bd3 Nf6 6. Qe2 d6 7. O-O Qc7 8. f4 Nbd7 9. c4 g6 10. Nc3 Bg7 11. Nf3 O-O 12. Kh1 Re8 13. Be3 b6 14.
Rac1 Bb7 15. b4 Rac8 16. Rfd1 Qb8 17. Bg1 Nh5 18. Qe3 f5 19. Na4 fxe4 20. Bxe4 Bxe4 21. Qxe4 Ndf6 22. Qe3 e5 23. fxe5 Ng4 24. Qb3 Nxe5 25. Nxb6 Rcd8 26. c5+ Kh8 27. c6 Qa7 28. c7 Rc8 29.
Nxc8 Rxc8 30. Bxa7 Rxc7 31. Rxc7 1-0

[Event "*** Titled Tuesday 3|2 Blitz"]
[Site "Chess.com"]
[Date "2015.05.05"]
[Round "9"]
[White "9ShMat2"]
[Black "Hikaru"]
[Result "1/2-1/2"]
[WhiteElo "2471"]
[BlackElo "2820"]
[TimeControl "180+2"]
[EndTime "13:06:47 PDT"]
[Termination "Game drawn by agreement"]

1. e4 c5 2. c3 e6 3. d4 d5 4. e5 Nc6 5. Nf3 Qb6 6. a3 cxd4 7. cxd4 Nh6 8. b4 Nf5 9. Be3 Bd7 10. Bd3 a5 11. b5 Na7 12. Nc3 Rc8 13. Qb3 Nxe3 14.
fxe3 a4 15. Nxa4 Qa5+ 16. Ke2 Nxb5 17. Kf2 Nxd4 18. Nxd4 Qxa4 19. Qxb7 Qa8 20. Rhb1 Bc5 21. Qxa8 Rxa8 22. Bb5 Ra7 23. a4 Ke7 24. a5 Rc8 25. a6 f6 26. exf6+ gxf6 27. Bxd7 Kxd7 28.
Nb5 Raa8 29. Rc1 Rc6 30. a7 e5 31. Kf3 f5 32. Rd1 1/2-1/2

[Event "*** Titled Tuesday 3|2 Blitz"]
[Site "Chess.com"]
[Date "2015.05.05"]
[Round "9"]
[White "jlandaw"]
[Black "desxmchna"]
[Result "1-0"]
[WhiteElo "2375"]
[BlackElo "2172"]
[TimeControl "180+2"]
[EndTime "13:07:01 PDT"]
[Termination "jlandaw won on time"]

1. e4 c5 2. Nc3 Nc6 3. g3 g6 4.
Bg2 Bg7 5. d3 Rb8 6. a3 b5 7. Rb1 Qa5 8. Bd2 b4 9. axb4 cxb4 10. Nd5 e6 11. Ne3 Ba6 12. Ne2 Nge7 13. Nc1 O-O 14. Nb3 Qb6 15. O-O Rfc8 16. Nc4 Bxc4 17.
dxc4 Ne5 18. c5 Qb5 19. Be3 a5 20. Nd4 Qb7 21. b3 a4 22. f4 N5c6 23. bxa4 Nxd4 24. Bxd4 Bxd4+ 25. Qxd4 Nc6 26. Qf6 Qa7 27. f5 Qxc5+ 28. Kh1 Qe5 29. Qh4 Nd4 30. Rbd1 Rxc2 31. f6 h5 32. Rxd4 Qxd4 33. Qf4 Kh7 34. Qxb8 Qd2 35. Rg1 1-0

[Event "*** Titled Tuesday 3|2 Blitz"]
[Site "Chess.com"]
[Date "2015.05.05"]
[Round "9"]
[White "PowerThinking2650"]
[Black "Tirantes"]
[Result "0-1"]
[WhiteElo "2063"]
[BlackElo "2130"]
[TimeControl "180+2"]
[EndTime "13:07:36 PDT"]
[Termination "Tirantes won by checkmate"]

1. e4 e5 2. Nf3 Nc6 3. d4 exd4 4. Nxd4 Nf6 5. Nxc6 bxc6 6. e5 Qe7 7. Qe2 Nd5 8. c4 Nb6 9. b3 Qe6 10. Bb2 Bb4+ 11. Nd2 O-O 12. O-O-O a5 13. Ne4 a4 14. Qc2 axb3 15. axb3 d5 16. Ng5 Qf5 17. Qxf5 Bxf5 18. cxd5 Nxd5 19. Bd3 Bxd3 20. Rxd3 Ra5 21. g3 Rfa8 22. Kb1 Ba3 23. Bd4 c5 24. Ba1 Nb4 25. Rd7 Bc1 26. Bc3 Bxg5 27. e6 Bf6 28. exf7+ Kf8 29.
Bxf6 gxf6 30. Rhd1 Ra1+ 31. Kb2 R8a2+ 32. Kc3 Rc2# 0-1

[Event "*** Titled Tuesday 3|2 Blitz"]
[Site "Chess.com"]
[Date "2015.05.05"]
[Round "9"]
[White "geeeeri"]
[Black "vovkcoach"]
[Result "0-1"]
[WhiteElo "2117"]
[BlackElo "2429"]
[TimeControl "180+2"]
[EndTime "13:07:37 PDT"]
[Termination "vovkcoach won by resignation"]

1. e4 c5 2. Nf3 Nc6 3. Bb5 e6 4. O-O Nge7 5. Re1 a6 6. Bf1 d5 7. e5 Ng6 8. d3 Qc7 9. Qe2 f6 10. exf6 gxf6 11. h4 Bd7 12. g3 Bd6 13. h5 Nge5 14.
Nxe5 Bxe5 15. f4 Bd6 16. c3 O-O-O 17. Kh2 e5 18. Qf3 Rhg8 19. Na3 Bg4 20. Qf2 Bxh5 21. Bg2 Bf7 22. c4 exf4 23. Bxf4 Ne5 24. Bh3+ Kb8 25. Rad1 Bh5 26. cxd5 Nf3+ 27. Kh1 Bxf4 28. gxf4 Nxe1 29. Rxe1 Bg4 30. Bg2 Qg7 31. Qh4 Be6 32. Qh2 Bxd5 33. Be4 Bxe4+ 34. dxe4 Qg4 35. Nc4 Qf3+ 0-1

[Event "*** Titled Tuesday 3|2 Blitz"]
[Site "Chess.com"]
[Date "2015.05.05"]
[Round "9"]
[White "Recombinant"]
[Black "AndrewMcStone"]
[Result "1-0"]
[WhiteElo "2130"]
[BlackElo "1987"]
[TimeControl "180+2"]
[EndTime "13:07:42 PDT"]
[Termination "Recombinant won by resignation"]

1. d4 Nf6 2. c4 Nc6 3. Nc3 e5 4. d5 Ne7 5. e4 Ng6 6. Be3 Bb4 7. Bd3 Bxc3+ 8. bxc3 O-O 9. c5 d6 10. Ne2 Ng4 11.
cxd6 cxd6 12. Bd2 Qh4 13. g3 Qh3 14. Ng1 Qg2 15. Qf3 Qxf3 16. Nxf3 f5 17. h3 fxe4 18. Bxe4 Nf6 19. Bxg6 hxg6 20. c4 Nxd5 21. Nxe5 Re8 22. cxd5 Rxe5+ 23. Kf1 Rxd5 24. Bf4 Bf5 25. Kg2 Be4+ 26. f3 Bc2 27. Rac1 Rc8 28. h4 Ra5 29. Ra1 Bf5 30. g4 Rc2+ 31. Kg3 Be6 32. a3 d5 33. Rhe1 Kf7 34. Rec1 Rxc1 35. Rxc1 Rxa3 36. Rc7+ Kf6 37.
Rxb7 a5 38. Bc1 Ra1 39. Bb2+ 1-0

[Event "*** Titled Tuesday 3|2 Blitz"]
[Site "Chess.com"]
[Date "2015.05.05"]
[Round "9"]
[White "goldaxe"]
[Black "NguyenDucHoa"]
[Result "0-1"]
[WhiteElo "2188"]
[BlackElo "2381"]
[TimeControl "180+2"]
[EndTime "13:07:51 PDT"]
[Termination "NguyenDucHoa won on time"]

1. e4 c5 2. Nf3 Nc6 3. d4 cxd4 4. Nxd4 Qb6 5. Nb3 Nf6 6. Nc3 e6 7. Bd3 Bb4 8. O-O Bxc3 9. bxc3 d6 10. Kh1 e5 11. a4 O-O 12. a5 Qc7 13. f4 Be6 14.
f5 Bc8 15. g4 d5 16. exd5 e4 17.
Be2 Ne5 18. Bf4 Qxc3 19. g5 Ne8 20. f6 Bh3 21. Rg1 Ng6 22. Bd2 Qe5 23. c4 Nd6 24. Be3 Nf5 25. Bd4 Qf4 26. Qc1 e3 27. fxg7 Rfe8 28.
Qc2 Nxd4 29. Nxd4 Qxd4 30. Rad1 Qf4 31. Rg3 Bf5 32. Qc3 Be4+ 33. Rg2 Nh4 34. Rg1 Qf2 35.
Bf1 e2 0-1

[Event "*** Titled Tuesday 3|2 Blitz"]
[Site "Chess.com"]
[Date "2015.05.05"]
[Round "9"]
[White "wonderfultime"]
[Black "igorkovalenko"]
[Result "1-0"]
[WhiteElo "2576"]
[BlackElo "2484"]
[TimeControl "180+2"]
[EndTime "13:08:11 PDT"]
[Termination "wonderfultime won by resignation"]

1. d4 Nf6 2. c4 e6 3. Nf3 b6 4. a3 Ba6 5. Qc2 c5 6. d5 g6 7. e4 exd5 8. exd5 Bg7 9. Be2 O-O 10. O-O d6 11. Nc3 Re8 12. h3 Nbd7 13. Bf4 Ne5 14. Nxe5 dxe5 15. Bg5 h6 16. Bh4 Bc8 17. Rfe1 Bf5 18.
Bd3 Bd7 19. Rad1 Qc7 20. d6 Qc8 21. Bxf6 Bxf6 22. Nd5 Re6 23. Nc7 Rxd6 24. Nxa8 Qxa8 25. Bxg6 Rxd1 26. Rxd1 Bc6 27. Rd6 Be7 28. Bxf7+ Kf8 29. Rxh6 Be4 30. Qd1 Kxf7 31. Qd7 Qe8 32. Qe6+ Kg7 33.
Rh4 Bf5 34. Qxf5 Bxh4 35. Qg4+ Qg6 36. Qxh4 Qb1+ 37. Kh2 Qxb2 38. Qe7+ Kg6 39. Qe6+ Kg5 40. h4+ Kxh4 41. Qf5 1-0

[Event "*** Titled Tuesday 3|2 Blitz"]
[Site "Chess.com"]
[Date "2015.05.05"]
[Round "9"]
[White "Daniel_Fridman"]
[Black "Lupul_Cenusiu"]
[Result "0-1"]
[WhiteElo "2559"]
[BlackElo "2338"]
[TimeControl "180+2"]
[EndTime "13:08:24 PDT"]
[Termination "Lupul_Cenusiu won by resignation"]

1. e4 c5 2. g3 d6 3. Bg2 g6 4. d3 Bg7 5. f4 e6 6. Nf3 Nc6 7. c3 Nge7 8. O-O O-O 9. Be3 Qc7 10. a4 Rb8 11. Bf2 b6 12. Na3 a6 13. d4 cxd4 14.
cxd4 d5 15. e5 Nb4 16. Rc1 Nec6 17. Qd2 Qb7 18. g4 Bd7 19. Rc3 Rbc8 20. f5 exf5 21.
gxf5 Bxf5 22. Ng5 f6 23. Rxc6 Qxc6 24. Qxb4 fxg5 25. Be3 Be6 26. Bxg5 Rxf1+ 27. Bxf1 a5 28. Qb3 h6 29. Be3 Kh7 30. Bd3 Rf8 31. Nb5 Bf5 32.
Be2 Qd7 33. Nd6 Bg4 34. Bb5 Qe6 35. Bf2 Bf3 36. Bg3 h5 37. Qe3 Qg4 38. Kf1 Bh6 39.
Qc3 Qh3+ 40. Ke1 h4 41. Bf2 Qxh2 42. Qc7+ Kg8 43. e6 Qh1+ 44. Bf1 Bg2 0-1

[Event "*** Titled Tuesday 3|2 Blitz"]
[Site "Chess.com"]
[Date "2015.05.05"]
[Round "9"]
[White "dabee"]
[Black "Azzaro25"]
[Result "1-0"]
[WhiteElo "2375"]
[BlackElo "2334"]
[TimeControl "180+2"]
[EndTime "13:08:26 PDT"]
[Termination "dabee won by checkmate"]

1. d4 d5 2. c4 e6 3. Nc3 Bb4 4.
e3 Nf6 5. Ne2 O-O 6. a3 Be7 7.
Nf4 c6 8. Bd3 Nbd7 9. cxd5 exd5 10. O-O Re8 11. Bd2 Nf8 12. Qc2 Ne6 13. Nxe6 Bxe6 14.
b4 Rc8 15. Na4 b6 16. Rac1 Bd6 17. Rfe1 h5 18. h3 Qd7 19. Bf1 Bf5 20. Qd1 Ne4 21.
Nc3 Nf6 22. Qf3 b5 23. Qd1 a6 24. Ne2 Re7 25. Nf4 h4 26. Nd3 Ne4 27. Nc5 Bxc5 28. dxc5 Re6 29. f3 Ng3 30. Bc3 Rg6 31. Kf2 Re8 32.
Qd4 Qe7 33. Qf4 Bc8 34. Bd3 Nh5 35. Qd4 Rg3 36. Bf1 Qg5 37. Bd2 Nf6 38. e4 Qg6 39. e5 Nh5 40. Qxh4 Bf5 41. Bf4 Nxf4 42. Qxf4 Rg5 43. h4 Rh5 44. g4 Rxh4 45. gxf5 Qh5 46.
Qg3 Rd4 47. Bg2 Qxf5 48. Re2 Rc4 49. Rce1 d4 50. e6 fxe6 51. Re5 Qf6 52. Bh3 Rc2+ 53. Kg1 d3 54. Bxe6+ Rxe6 55. Rxe6 Qd4+ 56. Kh1 d2 57. Re8+ Kh7 58. Qh3+ Kg6 59. R1e6+ Kg5 60. Qg3+ Kf5 61. Re5+ Kf6 62. Qg5+ Kf7 63. R5e7# 1-0

[Event "*** Titled Tuesday 3|2 Blitz"]
[Site "Chess.com"]
[Date "2015.05.05"]
[Round "9"]
[White "VSERGUEI"]
[Black "Malev212"]
[Result "0-1"]
[WhiteElo "2455"]
[BlackElo "2224"]
[TimeControl "180+2"]
[EndTime "13:08:46 PDT"]
[Termination "Malev212 won on time"]

1. d4 d5 2. c4 dxc4 3. e4 b5 4. a4 c6 5. axb5 cxb5 6. b3 e5 7.
Nf3 Nf6 8. bxc4 Nxe4 9. Bd3 Bb4+ 10. Kf1 f5 11. Bxe4 fxe4 12. Nxe5 O-O 13. Be3 bxc4 14. Qc2 Qd5 15. Nc3 Bxc3 16. Qxc3 a5 17. h4 Nc6 18. Nxc6 Qxc6 19. Rxa5 Rxa5 20. Qxa5 c3 21. Qc5 Ba6+ 22. Kg1 Qxc5 23. dxc5 Bd3 24. Kh2 Ra8 25. Kg3 Kf7 26. Kf4 Ke6 27. Bd4 c2 28. Bxg7 Kd5 29. Bh6 Ra6 30.
Bg5 Kxc5 31. Ke5 Kc4 32. h5 Ra5+ 33. Kf6 Rxg5 34. Kxg5 Kc3 35. Kf4 Kd2 36. g4 Ke2 37.
g5 Kxf2 38. g6 hxg6 39. h6 g5+ 40. Ke5 e3 41. Kd4 Bh7 42. Kc3 g4 43. Rc1 g3 44.
Rxc2+ e2 45. Ra2 g2 46. Ra7 e1=Q+ 0-1

[Event "*** Titled Tuesday 3|2 Blitz"]
[Site "Chess.com"]
[Date "2015.05.05"]
[Round "9"]
[White "Tilicheev_Viacheslav"]
[Black "Kacparov"]
[Result "0-1"]
[WhiteElo "2445"]
[BlackElo "2498"]
[TimeControl "180+2"]
[EndTime "13:08:53 PDT"]
[Termination "Kacparov won on time"]

1. e4 c5 2. Nf3 e6 3. b3 b6 4.
Bb2 Bb7 5. e5 d6 6. exd6 Nf6 7.
Bb5+ Nbd7 8. Ne5 a6 9. Bc6 Bxc6 10.
Nxc6 Qc8 11. Ne7 Bxe7 12. dxe7 Kxe7 13. Qf3 Rd8 14. O-O Qc7 15. d3 Rac8 16. Nd2 Kf8 17.
Rae1 Qc6 18. Ne4 Nxe4 19. Rxe4 Qd5 20. Qg3 Nf6 21. Rh4 Qf5 22. Re1 Qg6 23. Qh3 Rd5 24.
Bxf6 Qxf6 25. Rxh7 Ke7 26. Qg4 Rg5 27. Qe4 Rd8 28.
Rh3 Rdd5 29. f4 Rgf5 30. g4 Rxf4 31. Qxd5 Rxg4+ 32. Rg3 Rxg3+ 33. hxg3 Qc3 34. Re2 Qa1+ 35. Kg2 Qxa2 36. Qg5+ Ke8 37. Qxg7 Qb1 38. Rf2 f5 39. Re2 Kd8 0-1

[Event "*** Titled Tuesday 3|2 Blitz"]
[Site "Chess.com"]
[Date "2015.05.05"]
[Round "9"]
[White "MITerryble"]
[Black "zmaj23"]
[Result "0-1"]
[WhiteElo "2517"]
[BlackElo "2465"]
[TimeControl "180+2"]
[EndTime "13:08:58 PDT"]
[Termination "zmaj23 won by resignation"]

1. d4 Nf6 2. Nf3 e6 3. c4 c5 4. g3 cxd4 5. Nxd4 Bb4+ 6. Bd2 Qe7 7. Bg2 Nc6 8. Nc2 Bxd2+ 9. Qxd2 O-O 10. Nc3 Rd8 11. O-O b6 12. Rfd1 Ba6 13. b3 Rac8 14. e4 Qc5 15. Qd6 Qa5 16. b4 Qe5 17.
Qd3 Qc7 18. f4 Nxb4 19. Nxb4 Qc5+ 20. Qd4 Qxb4 21. Bf1 Bxc4 22. e5 Nd5 23. Nxd5 exd5 24. Bg2 d6 25. a3 Qc5 26. Qxc5 dxc5 27. Rac1 b5 28. Bh3 Rc7 29. a4 Bb3 30. Rd3 Bxa4 31. e6 b4 32. Re1 Bb5 33. Rde3 d4 34. e7 Re8 35. Re5 b3 36. Bg2 f6 37. Bd5+ Kh8 38. R5e4 Bd3 39. Re6 b2 40. Ba2 c4 41. Rd6 c3 42. Rd8 Bg6 43. f5 Bh5 44. g4 Rxe7 45. Rxe7 Rxd8 46. gxh5 c2 0-1

[Event "*** Titled Tuesday 3|2 Blitz"]
[Site "Chess.com"]
[Date "2015.05.05"]
[Round "9"]
[White "GMHess"]
[Black "hellokostya"]
[Result "1/2-1/2"]
[WhiteElo "2504"]
[BlackElo "2282"]
[TimeControl "180+2"]
[EndTime "13:09:44 PDT"]
[Termination "Game drawn by stalemate"]

1. b3 d5 2. Bb2 Bg4 3. h3 Bh5 4. d3 Nd7 5. Nd2 e5 6. Ngf3 f6 7. e4 c6 8. Be2 Bc5 9. exd5 cxd5 10. d4 Bd6 11. dxe5 Bc5 12. O-O Ne7 13. exf6 Nxf6 14.
Bxf6 gxf6 15. Bb5+ Kf8 16. Qe2 Rg8 17. Kh1 Qd6 18. Rad1 Qf4 19. g3 Qh6 20. Bd7 Rd8 21. Be6 Rg7 22. Kh2 Bd6 23. c4 d4 24. Ne4 f5 25.
Nxd6 Rxd6 26. Bd5 f4 27. Rxd4 fxg3+ 28. fxg3 Nxd5 29. cxd5 Rf6 30. d6 Rd7 31. Qe5 Bxf3 32. Re1 Qg6 33. Qe7+ Rxe7 34. dxe7+ Kg7 35. e8=Q Qc2+ 36.
Re2 Qxe2+ 37. Qxe2 Bxe2 38. g4 Ba6 39. Kg3 Rc6 40. a4 Rc3+ 41. Kf4 Rxb3 42. h4 Rb6 43. g5 Re6 44. h5 Re7 45. Rd6 b6 46. h6+ Kf7 47. a5 Bd3 48. Rxd3 bxa5 49. Rd6 Rb7 50. Ra6 Rb4+ 51. Kf5 Rb5+ 52. Kg4 Rb1 53. Rxa7+ Kg8 54. Rxa5 Rg1+ 55. Kf5 Rf1+ 56. Ke6 Re1+ 57.
Re5 Rxe5+ 58. Kxe5 Kf7 59. Kf5 Kg8 60. Ke6 Kh8 61.
Kf6 Kg8 62. Ke6 Kh8 63. Kd7 Kg8 64. Ke8 Kh8 65. Ke7 Kg8 66. Kf6 Kh8 67. Kf7 1/2-1/2

[Event "*** Titled Tuesday 3|2 Blitz"]
[Site "Chess.com"]
[Date "2015.05.05"]
[Round "9"]
[White "Nouki"]
[Black "Enozen"]
[Result "1/2-1/2"]
[WhiteElo "2592"]
[BlackElo "2501"]
[TimeControl "180+2"]
[EndTime "13:09:57 PDT"]
[Termination "Game drawn - insufficient material"]

1. d4 Nf6 2. c4 c5 3. d5 e6 4.
Nc3 exd5 5. cxd5 g6 6. e4 d6 7. f4 Bg7 8. Bb5+ Nfd7 9. Nf3 O-O 10. O-O a6 11. Bd3 b5 12. Kh1 Re8 13. a3 c4 14. Bc2 Nc5 15. f5 Nbd7 16. Bg5 Qc7 17. Qd2 Ne5 18. Nxe5 Bxe5 19. Rf3 f6 20. Bf4 Bxf4 21.
Qxf4 g5 22. Rg3 Kh8 23. Qg4 Qf7 24. h4 h6 25. Rh3 Kg7 26. hxg5 hxg5 27. Ne2 Bd7 28.
Nd4 Rh8 29. Ne6+ Bxe6 30. fxe6 Qg6 31. Kg1 Rxh3 32. Qxh3 Rh8 33. Qg3 Qh5 34. Qxd6 Qh1+ 35.
Kf2 Qxa1 36. Qe7+ Kh6 37. Qxf6+ Kh7 38. Qf5+ Kh6 39. Qh3+ Kg7 40. Qc3+ Kh7 41. e7 Re8 42. d6 Qh1 43. e5+ Kg8 44. Qd4 Qc1 45. Bg6 Ne6 46. Qe4 Rb8 47. Kg3 Qd1 48. e8=Q+ Rxe8 49. Bxe8 Qd2 50.
Qg6+ Ng7 51. Qf7+ Kh8 52. Qg6 Kg8 53. Bf7+ Kf8 54. Qf6 Qf4+ 55. Qxf4 gxf4+ 56. Kxf4 Kxf7 57. Ke4 Ne6 58. g4 Ke8 59. Kf5 Kd7 60. g5 a5 61.
g6 b4 62. axb4 axb4 63. Ke4 c3 64. bxc3 b3 65. Kd3 Nf4+ 66. Kd2 Nxg6 67. c4 b2 68. Kc2 b1=Q+ 69. Kxb1 Nxe5 70. c5 Nd3 71. c6+ Kxd6 72. c7 Kxc7 1/2-1/2

[Event "*** Titled Tuesday 3|2 Blitz"]
[Site "Chess.com"]
[Date "2015.05.05"]
[Round "9"]
[White "MrHenriksson"]
[Black "chessloveyou"]
[Result "1/2-1/2"]
[WhiteElo "2020"]
[BlackElo "2088"]
[TimeControl "180+2"]
[EndTime "13:11:18 PDT"]
[Termination "Game drawn by stalemate"]

1. d4 Nf6 2. Nf3 g6 3. g3 Bg7 4.
Bg2 d5 5. O-O O-O 6. c4 dxc4 7.
Na3 c5 8. dxc5 Qc7 9. Nxc4 Qxc5 10. Nfe5 Ng4 11. Nxg4 Qxc4 12. Ne3 Qa6 13. Qb3 Nc6 14. Qc4 Qxc4 15. Nxc4 Be6 16. Bxc6 bxc6 17. Na5 Bd5 18. Bg5 Bxb2 19. Rab1 Bc3 20. Nxc6 Bxc6 21. Rbc1 Be5 22. Rxc6 f6 23. Bf4 Bxf4 24. gxf4 Rfd8 25. Rc7 Kf7 26. Rb1 Rd2 27. e3 Rxa2 28. Rbb7 Re8 29. Rxa7 Rxa7 30. Rxa7 Ke6 31. Kg2 Kf5 32. Kf3 h5 33. Ra5+ Ke6 34.
h4 Rb8 35. Ra6+ Kf7 36. Ra1 Rb4 37. Rd1 Rb2 38. Rc1 Ke6 39. Rd1 Rc2 40. Rg1 Kf7 41. Rd1 Rc5 42. Rg1 e5 43. Rb1 exf4 44. Kxf4 Rc4+ 45.
e4 Rc7 46. f3 Ra7 47. Rb6 Re7 48.
Rc6 Kg7 49. Rd6 Rf7 50. Re6 Ra7 51. e5 Ra4+ 52. Kg3 fxe5 53. Rxe5 Kf6 54. Rb5 Rc4 55. Rd5 Ra4 56. Rd6+ Kf5 57. Rb6 Rc4 58. Rb5+ Kf6 59. Rd5 Rc1 60. Kf4 Rg1 61. Rd6+ Kf7 62. Rb6 Rg2 63. Rc6 Rg1 64. Rd6 Rh1 65. Kg5 Rg1+ 66.
Kh6 Rg3 67. Rd7+ Kf6 68. Rb7 Ke5 69. Rb6 Kf5 70. Rc6 Rg1 71. Rc5+ Kf4 72. Rc6 Kxf3 73.
Rf6+ Ke4 74. Rxg6 Rxg6+ 75. Kxg6 Kf4 76. Kxh5 Kf5 77. Kh6 Kf6 78. Kh7 Kf7 79. h5 Kf8 80. h6 Kf7 81. Kh8 Kf8 82. h7 Kf7 1/2-1/2

[Event "*** Titled Tuesday 3|2 Blitz"]
[Site "Chess.com"]
[Date "2015.05.05"]
[Round "9"]
[White "GregShahade"]
[Black "bugsbunny444"]
[Result "0-1"]
[WhiteElo "2415"]
[BlackElo "2317"]
[TimeControl "180+2"]
[EndTime "13:11:30 PDT"]
[Termination "bugsbunny444 won by checkmate"]

1. b4 e5 2. Bb2 Bxb4 3. Bxe5 Nf6 4.
Bb2 d5 5. Nf3 O-O 6. e3 Re8 7. Be2 c5 8. O-O Nc6 9. d3 Bg4 10. Nbd2 Ba5 11. h3 Bh5 12. Nb3 Bc7 13. g4 Nxg4 14. hxg4 Bxg4 15. Re1 Re6 16. Bf1 Rg6 17.
Bg2 Bh3 18. Kf1 Rxg2 19. Ke2 Bg3 20. Rf1 Bg4 21. Nd2 Qh4 22. Qe1 Re8 23. Rh1 Qg5 24.
Nf1 Rxf2+ 25. Qxf2 Bxf2 26. Kxf2 Qf5 27. Nh2 Bh5 28. Rhg1 f6 29. Rg3 Ne5 30. Rag1 Nxf3 31. Nxf3 g5 32. Rxg5+ fxg5 33. Rxg5+ Qxg5 34. Nxg5 b6 35. e4 h6 36. Nh3 dxe4 37. dxe4 Rxe4 38. Bc1 Rc4 39. Bxh6 Rxc2+ 40. Kg3 Rxa2 41. Nf4 Bf7 42. Kh4 Kh7 43. Bf8 Ra4 44. Kg5 Re4 45. Bd6 Rd4 46.
Be5 Rd1 47. Kf6 Be8 48. Ke7 Bc6 49. Ne6 Re1 50. Kd6 Be8 51. Bg3 Re2 52. Nc7 Bf7 53. Nb5 Re6+ 54. Kc7 a6 55. Nd6 Bg8 56. Kxb6 c4 57.
Ka5 c3 58. Nf5 c2 59. Bf4 Rf6 60. Nd4 Rxf4 61. Nxc2 Bc4 62. Nb4 Bb5 63. Nd5 Ra4+ 64.
Kb6 Ra1 65. Nc3 Kh6 66. Kc5 Bf1 67. Kb4 Kg5 68. Kb3 Bb5 69. Kb4 Rh1 70. Ka5 Kf4 71. Kb4 Ke3 72. Kb3 Kd3 73. Kb4 Rh4+ 74. Kb3 Bc4+ 75. Kb2 Rh2+ 76. Ka3 Kxc3 77. Ka4 Ra2# 0-1